Map: Apotheosis LE

Players

Cleavin - Winner!

  • Race: Protoss Protoss
  • League: Platinum

A.I. 1 (Very Easy)

  • Race: Terran Terran

VOD

Have the link to the VOD?

Description

Time

  • Played on: July 29, 2016, 12:30 p.m.
  • Length: 6:00
Show
View Real Time Build Order
Export as new Build Order

Cleavin Protoss - Winner!

Build Orders: 1 Gate Expand 

Get SALT Encoding   

  12  0:01  Probe (Chrono Boost)  
  13  0:11  Probe (Chrono Boost)  
  14  0:18  Pylon  
  14  0:22  Probe (Chrono Boost)  
  15  0:36  Probe (Chrono Boost)  
  15  0:37  Gateway  
  16  0:43  Assimilator  
  16  0:46  Probe (Chrono Boost)  
  18  0:57  Probe (Chrono Boost)  
  18  1:08  Probe (Chrono Boost)  
  19  1:19  Probe (Chrono Boost)  
  20  1:25  Nexus  
  20  1:37  Cybernetics Core  
  20  1:41  Probe (Chrono Boost)  
  20  1:43  Assimilator  
  21  1:51  Pylon  
  21  1:53  Probe (Chrono Boost)  
  22  2:14  Mothership Core (Chrono Boost)  
  24  2:29  Twilight Council  
  24  2:32  Probe (Chrono Boost)  
  24  2:36  Warp Gate  
  25  2:41  Probe (Chrono Boost)  
  26  2:47  Probe (Chrono Boost)  
  27  2:53  Probe (Chrono Boost)  
  27  2:57  Robotics Facility  
  28  2:59  Probe (Chrono Boost)  
  28  3:04  Probe (Chrono Boost)  
  30  3:06  Resonating Glaives  
  30  3:10  Probe (Chrono Boost)  
  31  3:16  Probe (Chrono Boost)  
  32  3:22  Pylon  
  32  3:25  Gateway  
  32  3:27  Gateway  
  32  3:28  Adept  
  34  3:40  Warp Prism  
  36  3:52  Gateway x2  
  36  3:58  Gateway  
  36  4:19  Probe x2 (Chrono Boost)  
  38  4:43  Adept  
  38  4:44  Adept x2  
  44  4:59  Pylon  
  44  5:14  Adept x5  
  54  5:47  Adept x3  
  54  5:48  Adept  
Show
View Real Time Build Order
Export as new Build Order

A.I. 1 (Very Easy) Terran 

Build Orders:  

Get SALT Encoding   

  12  0:00  SCV  
  13  0:13  SCV  
  14  0:18  Supply Depot  
  14  0:37  Refinery  
  14  0:42  Barracks  
  14  1:05  Supply Depot  
  14  1:12  Refinery  
  14  1:29  Marine  
  14  1:30  Orbital Command  
  15  1:55  SCV  
  16  2:08  SCV  
  17  2:12  Marine  
  18  2:20  SCV  
  19  2:31  Barracks Tech Lab  
  19  2:32  SCV  
  21  2:44  SCV  
  21  2:56  SCV, Marauder  
  24  5:20  Marine  
  25  5:22  Supply Depot  
  20  5:28  SCV  
  12  5:40  SCV  
Tags
 
Add a new tag
Caveats
  • Supply blocks, unpowered buildings, or Contaminate may cause inaccurate times.
  • Supply counts are checked every 10 seconds.